 Dungeon Crawl Stone Soup version 0.28.0-53-g5a82cb258f (webtiles) character file.

Game seed: 1709121777582792504

4 CryoSword the Skirmisher (level 1, 0/18 HPs)
             Began as a Demonspawn Monk on May 24, 2022.
             Slain by a kobold
             ... wielding a +0 short sword
              (1 damage)
             ... on level 1 of the Dungeon.
             The game lasted 00:00:15 (45 turns).

CryoSword the Skirmisher (Demonspawn Monk)            Turns: 45, Time: 00:00:15

Health: 0/18       AC:  2    Str: 11    XL:     1   Next: 50%
Magic:  1/1        EV: 13    Int: 11    God:
Gold:   0          SH:  0    Dex: 15    Spells: 0/0 levels left

rFire   . . .      SeeInvis .   a - +0 spear
rCold   . . .      Faith    .   (no shield)
rNeg    . . .      Spirit   .   b - +0 robe
rPois   .          Reflect  .   (no helmet)
rElec   .          Harm     .   (no cloak)
rCorr   .          Rampage  .   (no gloves)
Will    .....                   (no boots)
Stlth   ++........              (no amulet)
HPRegen 0.06/turn               (no ring)
MPRegen 0.07/turn               (no ring)

@: no status effects
A: no striking features
a: no special abilities


You were on level 1 of the Dungeon.
You visited 1 branch of the dungeon, and saw 1 of its levels.

Inventory:

Hand Weapons
 a - a +0 spear (weapon)
Armour
 b - a +0 robe (worn)
Scrolls
 c - a scroll of vulnerability {unknown}
Potions
 d - a potion of haste {unknown}


   Skills:
 * Level 3.1 Fighting
 - Level 2.6 Polearms
 + Level 2.7 Dodging
 + Level 1.9 Stealth


You couldn't memorise any spells.
You didn't know any spells.
Your spell library was empty.

Dungeon Overview and Level Annotations

Branches:
Dungeon (1/15)

Altars:
Cheibriados


Message History

Welcome, CryoSword the Demonspawn Monk.
It is said that the Orb of Zot exists deep within this dungeon.
Found a staircase leading out of the dungeon.
Could not explore, unopened door.
Could not explore, unopened door.
As you open the door, it creaks loudly!
Could not explore, unopened door.
You open the large door.
Found a scroll labelled ZOASEA VYAKU.
There is a large open door here.
Found 31 stones.
c - a scroll labelled ZOASEA VYAKU A frilled lizard comes into view.
A frilled lizard is nearby!
A frilled lizard is nearby!
A frilled lizard is nearby!
Found a grey potion.
Found 4 poisoned darts.
You reach to attack!
The helpless frilled lizard fails to defend itself.
You hit the frilled lizard.
You kill the frilled lizard!
No target in view!
No target in view!
d - a grey potion A kobold comes into view.
It is wielding a +0 short sword.
A kobold is nearby!
A kobold is nearby!
A kobold is nearby!
A frilled lizard comes into view.
The frilled lizard hisses angrily.
A bat comes into view.
The kobold shouts!
The bat hits you.
You reach to attack!
You hit the bat.
You kill the bat!
A giant cockroach comes into view.
The frilled lizard barely misses you.
You closely miss the frilled lizard.
The frilled lizard bites you but does no damage.
You hit the frilled lizard.
You kill the frilled lizard!
The kobold hits you with a +0 short sword.
You miss the kobold. The kobold barely misses you.
You hit the kobold but do no damage. The kobold closely misses you.
You hit the giant cockroach. The giant cockroach bites you.
You hit the giant cockroach but do no damage.
The kobold barely misses you. The giant cockroach bites you.
You hit the giant cockroach.
The kobold hits you with a +0 short sword.
The giant cockroach closely misses you.
You are too injured to fight recklessly!
You are too injured to fight recklessly!
You are too injured to fight recklessly!
Reach: a) +0 spear
Aim: a giant cockroach (almost dead, about 37% to evade your +0 spear)
You closely miss the giant cockroach. The kobold closely misses you.
The giant cockroach completely misses you.
Reach: a) +0 spear
Aim: a giant cockroach (almost dead, about 37% to evade your +0 spear)
You hit the giant cockroach but do no damage.
The kobold misses you. The giant cockroach closely misses you.
Reach: a) +0 spear
Aim: a giant cockroach (almost dead, about 37% to evade your +0 spear)
You hit the giant cockroach but do no damage.
The giant cockroach closely misses you.
The kobold hits you with a +0 short sword.
* * * LOW HITPOINT WARNING * * *
Reach: a) +0 spear
Aim: a giant cockroach (almost dead, about 37% to evade your +0 spear)
You hit the giant cockroach.
You kill the giant cockroach!
The kobold hits you with a +0 short sword.
* * * LOW HITPOINT WARNING * * *
Reach: a) +0 spear
Aim: a kobold, wielding a +0 short sword (about 44% to evade your +0 spear)
You hit the kobold but do no damage.
The kobold hits you with a +0 short sword.
* * * LOW HITPOINT WARNING * * *
Reach: a) +0 spear
Aim: a kobold, wielding a +0 short sword (about 44% to evade your +0 spear)
You barely miss the kobold.
The kobold hits you with a +0 short sword.
You die...

##. ... ...... ##
#..#.# .. #..#.##.
#...... # # #..... .#.#
# #..#.##..#.#
#.##.(..@....#.#
.........K....#
######..#.####...# .
..........# ...
#.#.######..### .
#.#.#.......#
###.#.#.......#######..
.......................
..#.#.........#######..


You could see a kobold.

Vanquished Creatures
  A bat (D:1)
  A giant cockroach (D:1)
  2 frilled lizards (D:1)
4 creatures vanquished.

Notes
Turn   | Place    | Note
-------+----------+-------------------------------------------
     0 | D:1      | CryoSword the Demonspawn Monk began the quest for the Orb.
     0 | D:1      | Reached XP level 1. HP: 18/18 MP: 1/1
     1 | D:1      | Found a snail-covered altar of Cheibriados.
    45 | D:1      | Slain by a kobold

Illustrated notes

Levels and vault maps discovered:
D:1:      sevenhm_arrival_forest_fort_small_6, layout_basic,
          shapermc_ecumenical_altar_rom_forum, roderic_nine_men_s_morris

Action                   || total
-------------------------++-------
Melee: Spear             ||    15
 Stab: Sleeping          ||     1
Armor: Robe              ||     1
Dodge: Dodged            ||    10
